 Dungeon Crawl Stone Soup version 0.28.0-45-g0d030f2227 (webtiles) character file.

Game seed: 9204309058939698669

46 JuniperTheExplorer the Digger (level 3, 0/20 HPs)
             Began as a Gargoyle Earth Elementalist on Apr 19, 2022.
             Slain by a phantom (2 damage)
             ... on level 5 of the Dungeon.
             The game lasted 00:08:47 (2180 turns).

JuniperTheExplorer the Digger (GrEE)                Turns: 2180, Time: 00:08:48

Health: 0/20       AC:  7    Str: 17    XL:     3   Next: 68%
Magic:  5/6        EV: 11    Int: 15    God:
Gold:   54         SH:  0    Dex: 12    Spells: 5/6 levels left

rFire   . . .      SeeInvis .   d - +0 whip
rCold   . . .      Faith    .   (no shield)
rNeg    + . .      Spirit   .   h - +0 leather armour
rPois   ∞          Reflect  .   (no helmet)
rElec   +          Harm     .   (no cloak)
rCorr   .          Rampage  .   (no gloves)
Will    .....                   g - +0 pair of boots
Stlth   ++........              (no amulet)
HPRegen 0.06/turn               b - +6 ring of strength
MPRegen 0.10/turn               (no ring)

@: no status effects
A: sickness immunity, AC +3, negative energy resistance 1, electricity
resistance, torment resistance 1, petrification resistance
a: no special abilities


You were on level 5 of the Dungeon.
You visited 1 branch of the dungeon, and saw 5 of its levels.

You collected 54 gold pieces.

Inventory:

Hand Weapons
 d - a +0 whip (weapon)
Missiles
 c - 47 stones
Armour
 g - a +0 pair of boots (worn)
 h - a +0 leather armour (worn)
Jewellery
 b - a +6 ring of strength (left hand)
Wands
 a - a wand of charming (9)
Potions
 f - 2 potions of haste {unknown}


   Skills:
 * Level 0.7 Fighting
 * Level 0.7 Maces & Flails
 + Level 0.5 Armour
 * Level 1.7 Dodging
 + Level 2.4 Stealth
 + Level 0.5 Unarmed Combat
 * Level 2.1 Spellcasting
 + Level 0.6 Conjurations
 + Level 0.2 Summonings
 * Level 1.0 Transmutations
 + Level 0.1 Ice Magic
 * Level 3.7 Earth Magic
 * Level 1.0 Evocations


You had 5 spell levels left.
You knew the following spells:

 Your Spells              Type           Power      Damage    Failure   Level
a - Sandblast             Erth           24%        2d8       5%          1

Your spell library contained the following spells:

 Spells                   Type           Power      Damage    Failure   Level
 Passwall                 Tmut/Erth      6%         N/A       14%         2
 Stone Arrow              Conj/Erth      16%        3d8       32%         3
 Petrify                  Tmut/Erth      8%         N/A       67%         4


Dungeon Overview and Level Annotations

Branches:
Dungeon (6/15)
 Temple: D:4-7

Altars:


Innate Abilities, Weirdness & Mutations

You are immune to sickness and miasma.
Your stone body is resilient. (AC +3)
You are immune to poison.
You resist negative energy. (rN+)
You are resistant to electric shocks. (rElec)
You are resistant to unholy torment.
You are immune to petrification.


Message History

The phantom hits you.
You barely miss the phantom.
The phantom is moderately damaged.
The phantom hits you but does no damage.
Aiming: Sandblast (safe; 5% risk of failure)
Press: ? - help, Q - select action, (/) - cycle Shift-Dir - straight line, f - phantom
Aim: a phantom (moderately damaged, 71% to hit)
The blast of sand hits the phantom.
The phantom is heavily damaged.
The phantom closely misses you.
You barely miss the phantom.
The phantom is heavily damaged.
The phantom misses you. The phantom barely misses you.
You closely miss the phantom.
The phantom is heavily damaged.
The phantom barely misses you.
You hit the phantom.
The phantom is heavily damaged.
The phantom misses you.
You barely miss the phantom.
The phantom is heavily damaged.
The phantom hits you.
You hit the phantom.
The phantom is severely damaged.
The phantom hits you.
Aiming: Sandblast (safe; 5% risk of failure)
Press: ? - help, Q - select action, (/) - cycle Shift-Dir - straight line, f/p - phantom
Aim: a phantom (severely damaged, 71% to hit)
The blast of sand hits the phantom!
The phantom is almost destroyed.
The phantom hits you.
* * * LOW HITPOINT WARNING * * *
You miss the phantom.
The phantom is almost destroyed.
The phantom hits you.
* * * LOW HITPOINT WARNING * * *
You completely miss the phantom.
The phantom is almost destroyed.
The phantom hits you.
You die...

####################
#.W@............(...
#.##################
#.# #.# #.# #.# #§#
#§# #.#


You could see a phantom.

Vanquished Creatures
  An adder (D:2)
  A worm (D:2)
  A dart slug (D:2)
  2 bats
  2 endoplasms (D:1)
  2 giant cockroaches
  2 goblins (D:2)
  3 hobgoblins (D:2)
  4 jackals (D:2)
  2 quokkas (D:1)
  6 ball pythons
  2 kobolds (D:2)
28 creatures vanquished.

Vanquished Creatures (collateral kills)
  A frilled lizard (D:2)
1 creature vanquished.

Grand Total: 29 creatures vanquished

Notes
Turn   | Place    | Note
-------+----------+-------------------------------------------
     0 | D:1      | JuniperTheExplorer the Gargoyle Earth Elementalist began
                  | the quest for the Orb.
     0 | D:1      | Reached XP level 1. HP: 10/10 MP: 3/3
   608 | D:1      | Reached XP level 2. HP: 15/15 MP: 5/5
   879 | D:2      | Reached skill level 1 in Transmutations
  1394 | D:2      | Reached XP level 3. HP: 18/20 MP: 6/6
  1530 | D:2      | Identified the +1 ring mail "Usiocif" {Int+2}
  1986 | D:2      | Reached skill level 1 in Evocations
  2082 | D:3      | You fall into a shaft and drop 3 floors!
  2100 | D:5      | Entered Level 5 of the Dungeon
  2161 | D:5      | Noticed a phantom
  2180 | D:5      | Slain by a phantom

Illustrated notes

Levels and vault maps discovered:
D:1:      zelgadis_glass_arrival_small, layout_rooms, roderic_roman_lattice
D:2:      layout_basic
D:3:      layout_rooms, mainiacjoe_overflow_alcove_2,
          dreamdust_ecumenical_altar_statues
D:5:      layout_basic, elyvilon_altar_4, gammafunk_ghost_nasty_kobolds,
          chequers_serial_rivers_small_a
D:6:      layout_layer_cave, enter_ossuary_5

Skill      XL: |  1  2  3 |
---------------+----------+-----
Transmutations | 1 |  1.0
Evocations     | 1 |  1.0
Fighting       | |  0.7
Maces & Flails | |  0.7
Armour         | |  0.5
Dodging        | |  1.7
Stealth        | |  2.4
Unarmed Combat | |  0.5
Spellcasting   | |  2.1
Conjurations   | |  0.6
Summonings     | |  0.2
Ice Magic      | |  0.1
Earth Magic    | |  3.7

Action                   || total
-------------------------++-------
Melee: Unarmed           ||     6
       Whip              ||    86
       Punch             ||     1
 Cast: Sandblast         ||    12
  Use: Scroll            ||     2
 Stab: Sleeping          ||     1
Armor: Robe              ||    22
       Leather armour    ||     3
Dodge: Dodged            ||    56
